Cogmind - Beta 9.6 @@@ ROGUE MODE // 2020.05.14 @ 23:26:48 Player: TheGreatBorealis Result: Destroyed by as-63026 with Assembled Maul Performance ------------- Evolutions (0) 0 Regions Visited (2) 400 Robots Destroyed (3) 15 Value Destroyed (30) 30 Prototype IDs (0) 0 Alien Tech Used (0) 0 Bonus (0) 0 TOTAL SCORE: 445 Bonus ------- None Cogmind --------- Core Integrity 0/250 Matter 125/300 Energy 99/100 System Corruption 0% Temperature Cool (0) Movement Core (100) Ox1 Location -10/Mines Parts ------- > --- POWER (1) -------- (None) > --- PROPULSION (2) --- (None) > --- UTILITY (2) ------ Small Storage Unit > --- WEAPON (2) ------- (None) > --- INVENTORY (6) ---- Ion Engine Compact Wheel Peak State ------------ > --- POWER ------------ Light Ion Engine > --- PROPULSION ------- Wheel Compact Wheel > --- UTILITY ---------- Small Storage Unit > --- WEAPON ----------- Assault Rifle Light Assault Rifle > --- INVENTORY -------- Ion Engine [Rating: 6] Favorites ----------- Power Light Ion Engine Engine Light Ion Engine Propulsion Compact Wheel Wheel Compact Wheel Flight Unit Flight Unit Utility Small Storage Unit Storage Small Storage Unit Weapon Assault Rifle Ballistic Gun Assault Rifle Build | -11 -10 -10 ------- Run | Scr Mat Min Slots Evolved . | . . . Power . | . . . Propulsion . | . . . Utility . | . . . Weapon . | . . . Parts Attached 8 | 6 1 1 Power 2 | 1 1 . Engine 2 | 1 1 . Core . | . . . Reactor . | . . . Propulsion 3 | 2 . 1 Treads . | . . . Leg . | . . . Wheel 2 | 2 . . Hover . | . . . Flight 1 | . . 1 Utility 1 | 1 . . Device . | . . . Storage 1 | 1 . . Processor . | . . . Hackware . | . . . Protection . | . . . Artifact . | . . . Weapon 2 | 2 . . Energy Gun . | . . . Energy Cannon . | . . . Ballistic Gun 2 | 2 . . Ballistic Cannon . | . . . Launcher . | . . . Special Weapon . | . . . Impact Weapon . | . . . Slashing Weapon . | . . . Piercing Weapon . | . . . Special Melee Weapon . | . . . Unidentified Prototypes . | . . . Parts Lost 5 | . 2 3 Power 1 | . 1 . Propulsion 2 | . . 2 Utility . | . . . Weapon 2 | . 1 1 Highest Loss Streak 4 | . 1 4 Average Slot Usage (%) 63 | . 80 28 Engine 8 | . 11 3 Wheel 20 | . 28 5 Storage 14 | . 14 14 Ballistic Gun 18 | . 26 3 Naked Turns . | . . . Heaviest Build 12 | 10 12 11 Greatest Support 26 | 26 26 26 Greatest Overweight (x) 1 | . . 1 Average Overweight (x) . | . . . Largest Inventory Capacity 6 | 6 6 6 Average Capacity 5 | 4 6 6 Most Carried 2 | 2 2 2 Average Carried 1 | . 1 1 Final Capacity 6 | 6 6 6 Final Carried 2 | 1 1 2 Class Distribution -------------------- 100% | Mutant Dominant Class ---------------- Mutant | -10/Materials Mutant | -10/Mines Resources | -11 -10 -10 ----------- Run | Scr Mat Min Matter Collected 123 | 87 36 . Remotely . | . . . Salvage Created 52 | . 52 . Parts 2 | . 2 . Haulers Intercepted . | . . . Recyclers Shooed . | . . . Parts Field Recycled . | . . . Retrieved Matter . | . . . Parts Self-Destructed . | . . . Prevented . | . . . Kills | -11 -10 -10 ------- Run | Scr Mat Min Combat Hostiles Destroyed 3 | . 3 . Guns 3 | . 3 . Classes Destroyed 1 | . 1 . Swarmer 3 | . 3 . Best Kill Streak 3 | . 3 . Combat Bots Only 3 | . 3 . Max Kills in Single Turn 1 | . 1 . Gunslinging . | . . . Exploded . | . . . Melee . | . . . Uniques/NPCs Destroyed . | . . . Combat | -11 -10 -10 -------- Run | Scr Mat Min Damage Taken 659 | . 376 283 Core 260 | . 80 180 Absorbed by Shields . | . . . Core Remaining (%) 100 | 100 . . Volleys Fired 13 | . 12 1 Largest 2 | . 2 1 Hottest 40 | . 40 20 Shots Fired 24 | . 23 1 Gun 24 | . 23 1 Cannon . | . . . Launcher . | . . . Special . | . . . Kinetic 24 | . 23 1 Thermal . | . . . Explosive . | . . . Electromagnetic . | . . . Robot Hit Streak 5 | . 5 . Robot Miss Streak 2 | . 2 2 Penetration Max . | . . . Secondary Targets 3 | . 3 . Max Gunslinging Chain 1 | . 1 . Shots Hit Robots 14 | . 14 . Core Hits 7 | . 6 1 Critical Hits . | . . . Critical Kills . | . . . Critical Parts Destroyed . | . . . Melee Attacks . | . . . Impact . | . . . Slashing . | . . . Piercing . | . . . Sneak Attacks . | . . . Combat Hostiles . | . . . Follow-up Attacks . | . . . Damage Inflicted 150 | . 149 1 Guns 149 | . 149 . Cannons . | . . . Explosions . | . . . Melee . | . . . Ramming 1 | . . 1 Kinetic 149 | . 149 . Thermal . | . . . Explosive . | . . . Electromagnetic . | . . . Impact . | . . . Slashing . | . . . Piercing . | . . . Highest Corruption . | . . . Average Corruption . | . . . Corruption Purged . | . . . Overload Shots . | . . . Overflow Damage . | . . . Projectiles . | . . . Explosions . | . . . Melee . | . . . Knockbacks . | . . . Impact . | . . . Kinetic . | . . . Secondary . | . . . Self-Inflicted Damage . | . . . Shots . | . . . Rammed 2 | . . 2 Targets Rammed 2 | . . 2 Kicked . | . . . Crushed . | . . . Highest Temperature . | . . . Average Temperature . | . . . Received Heat Transfer 60 | . 60 . Siege Activations . | . . . Robots Corrupted . | . . . Combat Hostiles . | . . . Parts Fried . | . . . Impact Corruptions . | . . . Robots Melted . | . . . Combat Hostiles . | . . . Parts Melted . | . . . Heat Transferred . | . . . Parts Sabotaged . | . . . Parts Stolen . | . . . Parts Stripped . | . . . Power Chain Reactions . | . . . Missiles Intercepted . | . . . Alert | -11 -10 -10 ------- Run | Scr Mat Min Peak Influence 110 | . 110 42 Average Influence 34 | . 52 19 Maximum Alert Level . | . . . Low Security (%) 100 | 100 100 100 Level 1 . | . . . Level 2 . | . . . Level 3 . | . . . Level 4 . | . . . Level 5 . | . . . High Security . | . . . Max Security . | . . . Squads Dispatched 1 | . 1 . Investigation . | . . . Extermination . | . . . Reinforcement 1 | . 1 . Assault . | . . . Garrison . | . . . Intercept . | . . . Construction Impeded . | . . . Haulers Reinforced . | . . . Stealth | -11 -10 -10 --------- Run | Scr Mat Min Distress Signals 1 | . 1 . Communications Jammed . | . . . Distress Signals . | . . . Times Spotted 39 | . 16 23 Peak Tracking Total 16 | . 7 16 Tactical Retreats 5 | . 2 3 Traps | -11 -10 -10 ------- Run | Scr Mat Min Traps Triggered . | . . . Indirectly . | . . . Trap Hack Attempts . | . . . Triggered . | . . . Disarmed . | . . . Reprogrammed . | . . . Reused . | . . . Traps Extracted . | . . . Installed . | . . . Triggered . | . . . Machines | -11 -10 -10 ---------- Run | Scr Mat Min Machines Disabled . | . . . Max in Single Turn . | . . . Machines Sabotaged . | . . . Garrisons Compromised . | . . . Overloaded Fab Kills . | . . . Fab Network Shutdowns . | . . . Hacking | -11 -10 -10 --------- Run | Scr Mat Min Machines Accessed . | . . . Terminals . | . . . Fabricators . | . . . Repair Stations . | . . . Recycling Units . | . . . Scanalyzers . | . . . Garrison Access . | . . . Total Hacks . | . . . Successful . | . . . Failed . | . . . Catastrophic . | . . . Database Lockouts . | . . . Manual . | . . . Terminals . | . . . Fabricators . | . . . Repair Stations . | . . . Recycling Units . | . . . Scanalyzers . | . . . Garrison Access . | . . . Terminal Hacks . | . . . Fabricator Hacks . | . . . Repair Station Hacks . | . . . Recycling Unit Hacks . | . . . Scanalyzer . | . . . Garrison Access Hacks . | . . . Unauthorized Hacks . | . . . Terminals . | . . . Fabricators . | . . . Repair Stations . | . . . Recycling Units . | . . . Scanalyzers . | . . . Garrison Access . | . . . Data Cores Recovered . | . . . Used . | . . . Hacking Detections . | . . . Full Trace Events . | . . . Feedback Events . | . . . Feedback Blocked . | . . . Robot Schematics Acquired . | . . . Robots Built . | . . . Matter . | . . . Time . | . . . Total Robot Build Rating . | . . . Part Schematics Acquired . | . . . Parts Built . | . . . Matter . | . . . Time . | . . . Total Part Build Rating . | . . . Parts Repaired . | . . . Time . | . . . Parts Recycled . | . . . Recycled Matter . | . . . Retrieved Matter . | . . . Retrieved Components . | . . . Parts Scanalyzed . | . . . Part Schematics Acquired . | . . . Parts Damaged . | . . . Bothacking | -11 -10 -10 ------------ Run | Scr Mat Min Used RIF Installer . | . . . Robots Hacked . | . . . Non-combat . | . . . Combat . | . . . Robot Hacks Applied . | . . . Relay Couplers Released . | . . . Robots Rewired . | . . . Allies Hacked . | . . . Hacks Repelled . | . . . Allies | -11 -10 -10 -------- Run | Scr Mat Min Total Allies . | . . . Largest Group . | . . . Highest-Rated Group . | . . . Highest-Rated Ally . | . . . Total Orders . | . . . Ally Attacks . | . . . Total Damage . | . . . Kills . | . . . Allies Corrupted . | . . . Allies Melted . | . . . Intel | -11 -10 -10 ------- Run | Scr Mat Min Robot Analysis Total . | . . . Derelict Logs Recovered 2 | . . 2 Drone Launches . | . . . Drone Recoveries . | . . . Exploration | -11 -10 -10 ------------- Run | Scr Mat Min Turns Passed 287 | 46 157 84 Spaces Moved 275 | 37 136 102 Core 49 | 1 . 48 Treads . | . . . Legs . | . . . Wheels 188 | 36 136 16 Hover . | . . . Flight 38 | . . 38 Fastest Speed 40 | 50 90 40 Average Speed 85 | 91 90 76 Slowest Speed 100 | 100 90 100 Overloaded Moves . | . . . Propulsion Burnouts . | . . . Robots Hopped 1 | . . 1 Cave-ins Triggered . | . . . Exploration Rate (%) 23 | 3 34 33 Regions Visited 2 Branch Regions 1 Pre-discovered Areas . | . . . Known Exits Taken . | . . . Unknown Exits Taken 2 | 1 1 . Scrap Searched . | . . . Spaces Dug . | . . . Terrain Destroyed . | . . . Melee . | . . . Projectile . | . . . AOE . | . . . Actions | -11 -10 -10 --------- Run | Scr Mat Min Total 305 | 49 149 107 Wait . | . . . Move 271 | 36 135 100 Hop 1 | . . 1 Pick Up 8 | 7 1 . Fast Attach . | . . . Attach 8 | 6 1 1 Detach 2 | . . 2 Swap . | . . . Drop . | . . . Fire 13 | . 12 1 Melee . | . . . Ram 2 | . . 2 Kick . | . . . Crush . | . . . Escape Stasis . | . . . Rewire . | . . . Trap . | . . . Miscellaneous . | . . . Route ------- -11/Scrapyard -10/Materials -10/Mines History --------- Turn | Location | Event 6 | -11/Scrapyard | Discovered new exit (range 15) 47 | -11/Scrapyard | Entered Materials 196 | -10/Materials | Discovered new exit (range 6) 204 | -10/Materials | Entered Mines 205 | -10/Mines | Assembled infested the area 210 | -10/Mines | Assisted by a Guerilla fighting off Assembled 226 | -10/Mines | Core integrity fell below 50% 230 | -10/Mines | Learned Materials emergency access door positions 233 | -10/Mines | Learned 2 Materials zone layouts 257 | -10/Mines | Core integrity fell below 20% 270 | -10/Mines | Lost 4 parts (2n2w) 288 | -10/Mines | Destroyed by as-63026 with Assembled Maul Last Messages --------------- 00199_ K-01 Serf cleans the Machine. 00203_ K-01 Serf destroyed. LOCATION=UNKNOWN GOAL=ESCAPE 00205_ ALERT: Infestation in the mines, dispatching Demolisher response squad. 00212_ Wheel destroyed. 00221_ Critical hit. 00221_ Assault Rifle destroyed. 00230_ Acquired derelict log, extracted data. Data stored: Materials emergency access points. 00230_ EW-VI6(h): "I'll hold them off! Go on ahead or try to find another way!" 00233_ Acquired derelict log, extracted data. Data stored: Materials zone layouts (x2). 00239_ Flight Unit destroyed. 00245_ Slammed into S-10 Pest. 00274_ R-06 Scavenger destroyed. 00277_ Slammed into T-07 Excavator. 00286_ T-07 Excavator destroyed. Map ----- +----------------------------------------------------+ | ?????????????????????????????????? | | ?????????????????????????????????? | | ?????????????????????####????????? | | ????????????????????## ##???????? | | ???????????????????## #???????? | | ????????????????#### ######### | | ???????????????## | | ???????????????# #### #### | | ???????????????# #### #### | | ???????????????## # | | ????????????????###### ######## | | ?????????????????????# #??????# " | | ?????????????????????# #??????# " | | ?????????????????????# #??????# " | | ?????????############# #??????# | | ?????????# %= #??????# | | ?????????#aa####### ####??????#### | | ?????????# #?????# #????????????? | | ?????????# #?????# ????????????? | | ??????#### a###???####???????????? | | ?????## ##?????????????????? | | ????## #?????????????????? | | ????# ##?????????????????? | | ???## ##??????????????????? | | ???# a ##???????????????????? | | ??# @ !#????????????????????? | | ??# *%=#???????????????????? | | ??## |! #???????????????????? | | ???# ##???????????????????? | | ??# ##????????????????????? | | ??# #?????????????????????? | | ??## ?????????????????????? | | ???#### ?????????????????????? | | ??????### ?????????????????????? | | ?????????# ????????????????????? | | ??????????## ????????????????????? | | ???????????? ????????????????????? | | ???????????? ????????????????????? | | ???????????? ???????????????????? | | ????????????? ???????????????????? | | ?????????????????????????????????? | | ?????????????????????????????????? | | ?????????????????????????????????? | | ?????????????????????????????????? | | ?????????????????????????????????? | | ?????????????????????????????????? | | ?????????????????????????????????? | | ?????????????????????????????????? | | ?????????????????????????????????? | | ?????????????????????????????????? | +----------------------------------------------------+ Best States ------------- Heat Dissipation 25 Energy Generation 10 Energy Capacity 250 Matter Stores 132 Matter Capacity 300 Sight Range 16 Terrain Scan Density 10 Evasion (%) 62 Item Schematics ----------------- None Robot Schematics ------------------ None Fabricated ------------ Nothing Alien Tech Used ----------------- None Achievements -------------- None Challenges ------------ None Game ------ Seed ReactionSegregatorPurifier Manual? 0 Play Time 00:04:29 Cumulative 12.7 hours Start 2020.05.14 @ 23:23:31 End 2020.05.14 @ 23:26:48 Sessions 1 Manual Loads 0 Difficulty Rogue Special Mode None Game No. 32 Rogue 32 Adventurer 0 Explorer 0 Win Type - Total 0 Types 0/0/0/0/0/0/0 Lore% 17 Gallery% 21 Achievement% 19 Wizard Run 0 Options --------- ASCII 0 Keyboard 0 Movement Mouse Keybinds 0 Fullscreen 2 Font 18/Terminus Map View 76x50 Tactical HUD 1 Map Filters NONE Filters NONE Steam 1 RUN: 9c9b6089-e260-4545-8ebf-a8b7408ae9c0